 Dungeon Crawl Stone Soup version 0.30-a0-313-gae38170b09 (webtiles) character file.

Game seed: 4987231141426174545

12117 Ijustatesigmund the Blocker (level 11, -14/90 HPs)
             Began as a Gnoll Fighter on Oct 25, 2022.
             Was a Follower of Cheibriados.
             Demolished by a storm dragon (17 damage)
             ... on level 12 of the Dungeon on Oct 26, 2022.
             The game lasted 00:22:49 (10474 turns).

Ijustatesigmund the Blocker (Gnoll Fighter)        Turns: 10474, Time: 00:22:50

Health: -14/90     AC: 17    Str: 20    XL:     11   Next: 88%
Magic:  19/23      EV: 16    Int: 12    God:    Cheibriados [*.....]
Gold:   689        SH: 11    Dex: 13    Spells: 20/24 levels left

rFire   + . .      SeeInvis .    a - +4 war axe (flame)
rCold   . . .      Faith    .    c - +1 buckler
rNeg    + . .      Spirit   .    b - +2 scale mail {rN+}
rPois   .          Reflect  .    L - +1 helmet
rElec   .          Harm     .    (no cloak)
rCorr   .          Rampage  .    B - +1 pair of gloves
Will    .....                    J - +1 pair of boots
Stlth   ++........               l - amulet of regeneration
HPRegen 1.15/turn                F - ring of protection from fire
MPRegen 0.18/turn                x - +4 ring of evasion

@: very slow
A: fangs 1, strong nose, distributed training, large bone plates 1, high MP 1,
mutation resistance 1
a: Renounce Religion, Bend Time


You were on level 12 of the Dungeon.
You worshipped Cheibriados.
Cheibriados was aware of your devotion.
You visited 2 branches of the dungeon, and saw 13 of its levels.
You also visited: Ossuary.

You collected 1409 gold pieces.
You spent 720 gold pieces at shops.

Inventory:

Hand Weapons
 a - a +4 war axe of flaming (weapon)
 r - a +5 mace
Armour
 b - a +2 scale mail of positive energy (worn)
 c - a +1 buckler (worn)
 B - a +1 pair of gloves (worn)
 J - a +1 pair of boots (worn)
 L - a +1 helmet (worn)
Jewellery
 l - an amulet of regeneration (around neck)
 m - a ring of flight
 w - a ring of wizardry
 x - a +4 ring of evasion (right hand)
 F - a ring of protection from fire (left hand)
 K - a +6 ring of dexterity
Wands
 o - a wand of iceblast (10)
Scrolls
 f - 3 scrolls of teleportation
 g - 7 scrolls of noise
 h - 2 scrolls of enchant armour
 i - 2 scrolls of poison
 k - a scroll of amnesia
 v - 3 scrolls of vulnerability
 y - 3 scrolls of fear
 C - 2 scrolls of identify
 D - a scroll of fog
 H - a scroll of magic mapping
Potions
 d - a potion of might
 e - 3 potions of mutation
 j - 3 potions of attraction
 n - 3 potions of flight
 p - a potion of haste
 q - a potion of invisibility
 s - 10 potions of curing
 t - 2 potions of lignification
 z - 2 potions of magic
 A - a potion of ambrosia
 E - 3 potions of heal wounds
 I - a potion of cancellation
Miscellaneous
 G - a lightning rod (4/4)


   Skills:
 + Level 9.6 Fighting
 + Level 7.0 Short Blades
 + Level 7.0 Long Blades
 + Level 8.4 Axes
 + Level 7.0 Maces & Flails
 + Level 7.0 Polearms
 + Level 7.0 Staves
 + Level 7.0 Ranged Weapons
 + Level 7.0 Throwing
 + Level 9.6 Armour
 + Level 7.0 Dodging
 + Level 7.0 Stealth
 + Level 9.6 Shields
 + Level 7.0 Unarmed Combat
 + Level 7.0 Spellcasting
 + Level 5.8 Conjurations
 + Level 5.8 Hexes
 + Level 5.8 Summonings
 + Level 5.8 Necromancy
 + Level 5.8 Translocations
 + Level 5.8 Transmutations
 + Level 5.8 Fire Magic
 + Level 5.8 Ice Magic
 + Level 5.8 Air Magic
 + Level 5.8 Earth Magic
 + Level 5.8 Poison Magic
 + Level 7.6 Invocations
 + Level 7.0 Evocations


You had 20 spell levels left.
You knew the following spells:

 Your Spells              Type           Power      Damage    Failure   Level
a - Blink                 Tloc           36%        N/A       7%          2
b - Passwall              Tmut/Erth      15%        N/A       7%          2

Your spell library contained the following spells:

 Spells                   Type           Power      Damage    Failure   Level
 Kiss of Death            Conj/Necr      72%        2d10      4%          1
 Sandblast                Erth           36%        2d10      4%          1
 Momentum Strike          Conj/Tloc      36%        3d9       7%          2
 Confusing Touch          Hex            18%        N/A       13%         3
 Gell's Gravitas          Tloc           18%        N/A       13%         3
 Inner Flame              Hex/Fire       18%        N/A       13%         3
 Lesser Beckoning         Tloc           36%        N/A       13%         3
 Stone Arrow              Conj/Erth      36%        3d9       13%         3
 Teleport Other           Tloc           18%        N/A       13%         3
 Anguish                  Hex/Necr       9%         N/A       41%         4
 Dispel Undead            Necr           18%        3d11      41%         4
 Flame Wave               Conj/Fire      18%        2d7       41%         4
 Sticky Flame             Conj/Fire      18%        2d4       41%         4
 Enfeeble                 Hex            9%         N/A       100%        7


Dungeon Overview and Level Annotations

Branches:
Dungeon (12/15)            Temple (1/1) D:7            Lair (0/5) D:9
    Orc (0/2) D:12        Ossuary (visited)

Altars:
Ashenzari
Cheibriados
Dithmenos
Elyvilon
Fedhas
Gozag
Hepliaklqana
Kikubaaqudgha
Makhleb
Nemelex Xobeh
Okawaru
Qazlal
Ru
Sif Muna
Trog
Uskayaw
Vehumet
Wu Jian
Xom
Yredelemnul
Zin
The Shining One

Shops:
D:11 :(=   D:12 ?

Annotations:
D:3 1 runed translucent door, caelrath's ghost, amateur GrFi
D:4 2 transporters


Innate Abilities, Weirdness & Mutations

You have very sharp teeth.
Your uncanny sense of smell can sniff out nearby items.
Your experience applies equally to all skills.
You are partially covered in large bone plates. (SH +4)
You have an increased reservoir of magic. (+10% MP)
You are somewhat resistant to further mutation.


Message History

You block the storm dragon's attack.
The storm dragon claws you but does no damage.
You block the storm dragon's attack. The flow of time bends around you.
Cheibriados rebukes the storm dragon.
The storm dragon seems to slow down.
You slash the storm dragon! You burn the storm dragon.
The storm dragon is lightly wounded.
The storm dragon misses you. You block the storm dragon's attack. x2
You hit the storm dragon but do no damage.
The storm dragon is lightly wounded.
The storm dragon bites you. The storm dragon misses you.
You block the storm dragon's attack.
You hit the storm dragon but do no damage.
The storm dragon is lightly wounded.
The storm dragon is no longer moving slowly.
The storm dragon bites you! You block the storm dragon's attack.
The storm dragon tramples you!
You stumble backwards!
You hit the storm dragon. You burn the storm dragon.
The storm dragon is lightly wounded.
The storm dragon breathes lightning at you.
The bolt of lightning misses you. The storm dragon misses you.
The storm dragon claws you but does no damage.
The storm dragon tramples you but does no damage.
You hit the storm dragon. You burn the storm dragon.
The storm dragon is moderately wounded.
The storm dragon bites you! You block the storm dragon's attack.
The storm dragon tramples you but does no damage.
You hit the storm dragon but do no damage.
Your bite misses the storm dragon.
The storm dragon is moderately wounded.
The storm dragon breathes lightning at you.
The bolt of lightning hits you!!
* * * LOW HITPOINT WARNING * * *
You closely miss the storm dragon.
The storm dragon is moderately wounded.
You block the storm dragon's attack. The storm dragon claws you!
* * * LOW HITPOINT WARNING * * *
You block the storm dragon's attack. The storm dragon bites you!
You die...

####.........................'...
#>......##.####............####
#.#####.##.# #...(......(.# ###.#
#.##.# #............#
...###########################
...#...............##############
...#..##.......##..##.......'.#.#
.###8.##.8..########)#########..#
.'.......##.....@D)'.#C$'...CD###
('....)..##.)......'.#:?'..cC.#
.###8.##.8..########.#########.
...#..##.......##..##.......+ #.
####...............########## ##
################# ##### #....
#.... #....


You could see a storm dragon (catching breath) and a cyclops.

Vanquished Creatures
  A fire giant (D:12)
  A centaur warrior (D:12)
  2 two-headed ogres
  An ugly thing (D:10)
  Joseph (D:9)
  2 gargoyles
  A kobold demonologist (D:12)
  4 trolls
  A wyvern (D:8)
  A vampire (D:10)
  11 yaks
  A steam dragon (D:7)
  Menkaure (D:7)
  Duvessa (D:7)
  4 acid dragons
  2 water moccasins
  3 orc warriors
  6 ice beasts
  4 centaurs
  An ogre (D:7)
  5 wolves
  4 phantoms
  3 kobold brigands
  3 bullfrogs
  A gnoll sergeant (D:10)
  3 scorpions
  2 necrophages (D:5)
  2 water moccasin zombies (Ossuary)
  7 killer bees
  Dowan (D:7)
  3 electric eels (D:9)
  4 howler monkeys
  6 orc priests
  6 hounds
  6 iguanas
  6 orc wizards
  2 centaur simulacra (D:9)
  2 mummies (Ossuary)
  Robin (D:2)
  9 gnolls
  8 adders
  A shadow imp (D:6)
  3 white imps
  3 ufetubi
  7 adder zombies (Ossuary)
  3 worms
  5 dart slugs
  32 orcs
  3 bats
  4 endoplasms
  4 giant cockroaches
  4 gnoll zombies (Ossuary)
  15 goblins
  10 hobgoblins
  7 jackals
  24 kobolds
  2 quokkas
  4 ball pythons
  5 frilled lizards
  7 hobgoblin zombies (Ossuary)
  4 kobold zombies (Ossuary)
  7 orc zombies (Ossuary)
  4 rats
291 creatures vanquished.

Vanquished Creatures (others)
  A troll (D:12)
  A fungus (D:2)
  5 plants (D:4)
  5 toadstools (D:5)
12 creatures vanquished.

Grand Total: 303 creatures vanquished

Notes
Turn   | Place    | Note
-------+----------+-------------------------------------------
     0 | D:1      | Ijustatesigmund the Gnoll Fighter began the quest for the
                  | Orb.
     0 | D:1      | Reached XP level 1. HP: 23/23 MP: 1/1
    20 | D:1      | Reached XP level 2. HP: 29/29 MP: 2/2
   389 | D:1      | Reached XP level 3. HP: 35/35 MP: 3/3
   589 | D:2      | Found a broken altar of Ashenzari.
   640 | D:2      | Reached skill level 1 in Invocations
   766 | D:2      | Gained mutation: You are partially covered in large bone
                  | plates. (SH +4) [potion of mutation]
   766 | D:2      | Gained mutation: You have an increased reservoir of magic.
                  | (+10% MP) [potion of mutation]
   766 | D:2      | Gained mutation: You are somewhat resistant to further
                  | mutation. [potion of mutation]
   923 | D:2      | Noticed Robin
   927 | D:2      | Killed Robin
   928 | D:2      | Reached skill level 1 in Short Blades
   928 | D:2      | Reached skill level 1 in Long Blades
   928 | D:2      | Reached skill level 1 in Maces & Flails
   928 | D:2      | Reached skill level 1 in Polearms
   928 | D:2      | Reached skill level 1 in Staves
   928 | D:2      | Reached skill level 1 in Ranged Weapons
   928 | D:2      | Reached skill level 1 in Throwing
   928 | D:2      | Reached skill level 1 in Dodging
   928 | D:2      | Reached skill level 1 in Stealth
   928 | D:2      | Reached skill level 1 in Unarmed Combat
   928 | D:2      | Reached skill level 1 in Spellcasting
   928 | D:2      | Reached skill level 1 in Evocations
   944 | D:2      | Reached XP level 4. HP: 41/41 MP: 6/6
   976 | D:2      | Found a faded altar of an unknown god.
  1301 | D:3      | Reached skill level 1 in Conjurations
  1301 | D:3      | Reached skill level 1 in Hexes
  1301 | D:3      | Reached skill level 1 in Summonings
  1301 | D:3      | Reached skill level 1 in Necromancy
  1301 | D:3      | Reached skill level 1 in Translocations
  1301 | D:3      | Reached skill level 1 in Transmutations
  1301 | D:3      | Reached skill level 1 in Fire Magic
  1301 | D:3      | Reached skill level 1 in Ice Magic
  1301 | D:3      | Reached skill level 1 in Air Magic
  1301 | D:3      | Reached skill level 1 in Earth Magic
  1301 | D:3      | Reached skill level 1 in Poison Magic
  1334 | D:3      | Found a runed translucent door.
  1334 | D:3      | Noticed caelrath's ghost (amateur GrFi)
  1380 | D:3      | Reached XP level 5. HP: 47/47 MP: 7/7
  1770 | D:4      | Found a sand-covered staircase.
  1775 | Ossuary  | Entered an ossuary
  1874 | Ossuary  | Reached XP level 6. HP: 53/53 MP: 9/9
  1915 | Ossuary  | Reached skill level 5 in Axes
  1960 | Ossuary  | Identified the +2 battleaxe "Kiroji" {flame, rElec Stlth+}
  2527 | D:4      | Reached XP level 7. HP: 54/60 MP: 11/11
  2617 | D:4      | Found a transporter.
  2618 | D:4      | Found a transporter.
  2625 | D:4      | Identified the +5 spear of Hepliaklqana's Grace {venom,
                  | rElec rPois Str+3 SInv}
  2767 | D:5      | Entered Level 5 of the Dungeon
  3263 | D:5      | Reached XP level 8. HP: 49/67 MP: 13/13
  3940 | D:6      | Found a large runed translucent door.
  3941 | D:6      | Found a large runed translucent door.
  4003 | D:6      | Found a glowing golden altar of the Shining One.
  4003 | D:6      | Found a white marble altar of Elyvilon.
  4003 | D:6      | Found a glowing silver altar of Zin.
  4507 | D:6      | Reached XP level 9. HP: 56/73 MP: 16/16
  4549 | D:6      | Found an ornate altar of the Wu Jian Council.
  4693 | D:6      | Found a sacrificial altar of Ru.
  4701 | D:6      | Found a shimmering altar of Xom.
  4795 | D:7      | Noticed Dowan
  4797 | D:7      | Noticed Duvessa
  4818 | D:7      | Killed Duvessa
  4825 | D:7      | Killed Dowan
  4892 | D:7      | Found a staircase to the Ecumenical Temple.
  5288 | D:7      | Reached skill level 5 in Invocations
  5391 | D:7      | Noticed Menkaure
  5459 | D:7      | Killed Menkaure
  5792 | Temple   | Entered the Ecumenical Temple
  5943 | D:8      | Reached skill level 5 in Short Blades
  5943 | D:8      | Reached skill level 5 in Long Blades
  5943 | D:8      | Reached skill level 5 in Maces & Flails
  5943 | D:8      | Reached skill level 5 in Polearms
  5943 | D:8      | Reached skill level 5 in Staves
  5943 | D:8      | Reached skill level 5 in Ranged Weapons
  5943 | D:8      | Reached skill level 5 in Throwing
  5943 | D:8      | Reached skill level 5 in Dodging
  5943 | D:8      | Reached skill level 5 in Stealth
  5943 | D:8      | Reached skill level 5 in Unarmed Combat
  5943 | D:8      | Reached skill level 5 in Spellcasting
  5943 | D:8      | Reached skill level 5 in Evocations
  5943 | D:8      | Reached XP level 10. HP: 59/81 MP: 19/19
  6970 | D:8      | Upgraded the game from 0.30-a0-311-gf115ab0292 to
                  | 0.30-a0-313-gae38170b09
  7246 | D:9      | Noticed Joseph
  7343 | D:9      | Killed Joseph
  7550 | D:9      | Found a staircase to the Lair.
  8058 | D:10     | Entered Level 10 of the Dungeon
  8145 | D:10     | Reached skill level 5 in Conjurations
  8145 | D:10     | Reached skill level 5 in Hexes
  8145 | D:10     | Reached skill level 5 in Summonings
  8145 | D:10     | Reached skill level 5 in Necromancy
  8145 | D:10     | Reached skill level 5 in Translocations
  8145 | D:10     | Reached skill level 5 in Transmutations
  8145 | D:10     | Reached skill level 5 in Fire Magic
  8145 | D:10     | Reached skill level 5 in Ice Magic
  8145 | D:10     | Reached skill level 5 in Air Magic
  8145 | D:10     | Reached skill level 5 in Earth Magic
  8145 | D:10     | Reached skill level 5 in Poison Magic
  8152 | D:10     | Reached XP level 11. HP: 51/89 MP: 20/22
  8223 | D:10     | Learned a level 2 spell: Blink
  8308 | D:10     | Noticed a white ugly thing
  8347 | D:10     | Killed a white ugly thing
  8780 | D:10     | Found a sparkling altar of Nemelex Xobeh.
  8787 | D:10     | Found a snail-covered altar of Cheibriados.
  8921 | D:10     | Became a worshipper of Cheibriados the Contemplative
  9000 | D:11     | Found Rucuis's Book Emporium.
  9008 | D:11     | Noticed a two-headed ogre
  9022 | D:11     | Found Zeli's Jewellery Shoppe.
  9209 | D:11     | Found Gyduem's Antique Weapon Shop.
  9558 | D:11     | Identified a scroll of acquirement
  9558 | D:11     | Acquired 850 gold pieces
  9641 | D:11     | Bought a +4 ring of evasion for 504 gold pieces
  9726 | D:11     | Killed a two-headed ogre
  9978 | D:12     | Found Omagom's Magic Scroll Emporium.
  9989 | D:12     | Bought a scroll of identify for 32 gold pieces
  9989 | D:12     | Bought a scroll of identify for 32 gold pieces
  9989 | D:12     | Bought a scroll of identify for 32 gold pieces
  9989 | D:12     | Bought a scroll of magic mapping for 120 gold pieces
 10010 | D:12     | Found a staircase to the Orcish Mines.
 10247 | D:12     | Learned a level 2 spell: Passwall
 10248 | D:12     | Noticed a two-headed ogre
 10258 | D:12     | Killed a two-headed ogre
 10295 | D:12     | Noticed a fire giant
 10295 | D:12     | Noticed a centaur warrior
 10295 | D:12     | Noticed a cyclops
 10295 | D:12     | Noticed a storm dragon
 10295 | D:12     | Noticed a cyclops
 10311 | D:12     | Killed a fire giant
 10392 | D:12     | Reached * piety under Cheibriados
 10464 | D:12     | Killed a centaur warrior
 10474 | D:12     | HP: 3/90 [storm dragon (8)]
 10474 | D:12     | Demolished by a storm dragon

Illustrated notes

Levels and vault maps discovered:
D:1:      eino_arrival_druids_welcome, layout_loops_cross, chequers_mini_garden
D:2:      layout_basic, basic_altar, dreamdust_ecumenical_altar_grove,
          uniq_robin
D:3:      layout_basic, hellmonk_ghost_happy_afterlife
D:4:      layout_basic, nicolae_ossuary_entry_false_entrances,
          gammafunk_ghost_gnarly_gnolls
D:5:      cheibrodos_barr_body, layout_loops_cross, minmay_gold_behind_fungi
D:6:      minmay_klotski, layout_loops_ring, good_gods_mini_temple,
          jmf_multi_god_temple2, mainiacjoe_overflow_concentric_impassable
D:7:      layout_loops_ring, minmay_temple_entry_waves, uniq_duvessa,
          uniq_menkaure
D:8:      layout_loops_ring
D:9:      layout_cross, erik_lair_island, serial_ice, serial_ice_f,
          serial_ice_a, serial_ice_c, serial_ice_k, uniq_joseph
D:10:     layout_roguey, slow_altar_1, nemelex_xobeh_ov_fountains_minmay
D:11:     layout_roguey, serial_shops, nicolae_lakefront_shop,
          nicolae_shop_advertising_works [nicolae_subvault_shop_adworks],
          nicolae_inconvenience_store
D:12:     layout_basic, david_orc_2, serial_shops, nicolae_shop_statue_plus,
          wad_scary_box
Temple:   nicolae_temple_ecumenical_triangle

Skill      XL: |  1  2  3  4  5  6  7  8  9 10 11 |
---------------+----------------------------------+-----
Invocations    | 1 2 3 4 5 6 7 |  7.6
Short Blades   | 1 2 3 5 6 7 |  7.0
Long Blades    | 1 2 3 5 6 7 |  7.0
Maces & Flails | 1 2 3 5 6 7 |  7.0
Polearms       | 1 2 3 5 6 7 |  7.0
Staves         | 1 2 3 5 6 7 |  7.0
Ranged Weapons | 1 2 3 5 6 7 |  7.0
Throwing       | 1 2 3 5 6 7 |  7.0
Dodging        | 1 2 3 5 6 7 |  7.0
Stealth        | 1 2 3 5 6 7 |  7.0
Unarmed Combat | 1 2 3 5 6 7 |  7.0
Spellcasting   | 1 2 3 5 6 7 |  7.0
Evocations     | 1 2 3 5 6 7 |  7.0
Conjurations   | 1 2 3 4 5 |  5.8
Hexes          | 1 2 3 4 5 |  5.8
Summonings     | 1 2 3 4 5 |  5.8
Necromancy     | 1 2 3 4 5 |  5.8
Translocations | 1 2 3 4 5 |  5.8
Transmutations | 1 2 3 4 5 |  5.8
Fire Magic     | 1 2 3 4 5 |  5.8
Ice Magic      | 1 2 3 4 5 |  5.8
Air Magic      | 1 2 3 4 5 |  5.8
Earth Magic    | 1 2 3 4 5 |  5.8
Poison Magic   | 1 2 3 4 5 |  5.8
Axes           | 5 6 7 8 |  8.4
Fighting       | 7 8 9 |  9.6
Armour         | 7 8 9 |  9.6
Shields        | 7 8 9 |  9.6

Action                   |  1- 3 |  4- 6 |  7- 9 | 10-12 || total
-------------------------+-------+-------+-------+-------++-------
Melee: War axe           |    82 |   171 |   463 |   531 ||  1247
       Bite              |     4 |    14 |    47 |    58 ||   123
 Cast: Blink             |       |       |       |     3 ||     3
Invok: Bend Time         |       |       |       |     2 ||     2
  Use: Scroll            |     3 |     6 |    12 |    20 ||    41
       Potion            |     1 |     1 |     4 |     8 ||    14
 Stab: Sleeping          |       |       |       |     1 ||     1
Armor: Scale mail        |    34 |    71 |   166 |   195 ||   466
Dodge: Dodged            |    40 |    52 |   187 |   261 ||   540
Block: Buckler           |    31 |    86 |   246 |   368 ||   731

Table legend: (Time is in decaauts)
 A = Elapsed time spent in this place.
 B = Non-inter-level travel time spent in this place.
 C = Inter-level travel time spent in this place.
 D = Time resting spent in this place.
 E = Time spent auto-exploring this place.
 F = Levels seen in this place.
 G = Mean time per level.
                   A        B        C        D        E       F      G
               +--------+--------+--------+--------+--------+-----+--------+
         Total |  11058 |  10672 |    386 |   1402 |   6698 |  14 |  789.9 |
       Dungeon |  10772 |  10387 |    385 |   1402 |   6615 |  12 |  897.7 |
        Temple |     66 |     66 |      0 |      0 |     23 |   1 |   66.0 |
       Ossuary |    218 |    218 |      0 |      0 |     60 |   1 |  218.0 |
               +--------+--------+--------+--------+--------+-----+--------+

Top non-repeatable levels by time:
    D:11: 1261 daAuts
     D:8: 1187 daAuts
     D:5: 1135 daAuts
     D:9: 1094 daAuts
     D:7: 1050 daAuts
     D:6: 931 daAuts
    D:10: 863 daAuts
     D:4: 819 daAuts
     D:2: 667 daAuts
    D:12: 621 daAuts
     D:1: 601 daAuts
     D:3: 540 daAuts
 Ossuary: 218 daAuts
  Temple: 66 daAuts
